 Dungeon Crawl Stone Soup version 0.20-a0-738-gb057e68 (webtiles) character file.

60 KristoblXynda the Sneak (level 3, 0/36 HPs)
             Began as a Spriggan Enchanter on Feb 23, 2017.
             Succumbed to an adder's poison
             ... on level 2 of the Dungeon.
             The game lasted 00:04:22 (1874 turns).

KristoblXynda the Sneak (Spriggan Enchanter)        Turns: 1874, Time: 00:04:23

Health: 0/36       AC: 21    Str:  9 (10) XL:     3   Next: 80%
Magic:  2/9        EV:  4    Int: 15 (16) God:
Gold:   94         SH:  0    Dex: 14 (16) Spells: 6/9 levels left

rFire    . . .     SeeInvis +   a - +1 dagger
rCold    . . .     Gourm    .   (armour currently unavailable)
rNeg     + + +     Faith    .   (shield restricted)
rPois    +         Spirit   .   (helmet currently unavailable)
rElec    .         Reflect  .   (cloak currently unavailable)
rCorr    .         Harm     .   (gloves unavailable)
MR       .....     NoTele   +   (boots unavailable)
Stlth    ..........             (no amulet)
Regen    0.2/turn               (no ring)
MPRegen  0.2/turn               (no ring)

@: berserking, lethally poisoned (0 -> -11), tree-form, very slightly
contaminated, very quick
A: unfitting armour, see invisible, herbivore 3, (speed 0), slow metabolism 2
a: no special abilities


You were on level 2 of the Dungeon.
You were not hungry.
You were a tree.
You visited 1 branch of the dungeon, and saw 2 of its levels.

You collected 94 gold pieces.

Inventory:

Hand Weapons
 a - a +1 dagger (weapon)
Armour
 b - a +0 robe (melded)
Scrolls
 e - a scroll of teleportation {unknown}
 g - a scroll of fog {unknown}
 h - a scroll of fear {unknown}
 i - 2 scrolls of identify {unknown}
 l - 3 scrolls of immolation {unknown}
 n - a scroll of remove curse {unknown}
 o - a scroll of magic mapping {unknown}
 p - a scroll of blinking {unknown}
 q - a scroll of enchant weapon {unknown}
Potions
 m - a potion of lignification
 r - a potion of brilliance {unknown}
Books
 c - a book of Maledictions

   Spells                             Type                      Level
   a - Corona                         Hexes                        1
   b - Ensorcelled Hibernation        Hexes/Ice                    2
   c - Confuse                        Hexes                        3
   d - Tukima's Dance                 Hexes                        3
   e - Dazzling Spray                 Conjuration/Hexes            3
Comestibles
 d - a bread ration
 j - a royal jelly


   Skills:
 - Level 1.1 Short Blades
 - Level 3.0 Dodging
 + Level 5.3 Stealth
 + Level 3.5 Spellcasting
 + Level 4.7 Hexes


You had 6 spell levels left.
You knew the following spells:

 Your Spells              Type           Power        Failure   Level  Hunger
a - Corona                Hex            ###....      2%          1    None
b - Ensorcelled Hibernat  Hex/Ice        #.....       12%         2    ##.....


Dungeon Overview and Level Annotations

Branches:
Dungeon (2/15)

Altars:
Fedhas
Qazlal

Annotations:
D:2 Robin


Innate Abilities, Weirdness & Mutations

You are very small and have problems with some larger weapons.
You are too small for most types of armour.
You have supernaturally acute eyesight. (SInv)
You are a herbivore.
((You cover ground extremely quickly.))
You need consume almost no food.


Message History

* * * LOW HITPOINT WARNING * * *
You hit the adder.
The adder is lightly wounded.
* * * LOW HITPOINT WARNING * * *
You feel sick. The adder barely misses you.
Press: ? - help, v - describe, . - travel The floor.
Unknown command.
Unknown command.
It was a potion of berserk rage.
A red film seems to cover your vision as you go berserk!
You feel yourself moving faster!
You feel mighty! The adder bites you.
* * * LOW HITPOINT WARNING * * *
You are more poisoned.
The adder poisons you!
Unknown command.
You are too berserk!
You puncture the adder!
You kill the adder!
You die...

## #### ... ..# ###
#.# #.# #.. ###
#.###.## #.# #.. ##.
#.#...######.# #.#
##.## ##...........#
#.#
PP..###......#####.#
#.#
PPPP.#........>.♣†.#
#.#
P_PP..##.###.#####.#
#.# P.PP.###..#.##
#.# #.. P.P..# #.#.#
#.. ##>. .....#
#.### #### #. #...
.....# #.# #. #...
≈.§..# #.# #.. #.#.
≈_≈..# #.#
###..###)#. ≈≈≈....
... ..#.#.


There were no monsters in sight!

Vanquished Creatures
  2 adders (D:2)
  An ooze (D:1)
  A worm (D:2)
  A leopard gecko (D:2)
  5 bats (D:2)
  A giant cockroach (D:1)
  8 goblins
  5 hobgoblins
  2 kobolds
  2 frilled lizards (D:2)
  4 rats
32 creatures vanquished.

Notes
Turn   | Place    | Note
-------+----------+-------------------------------------------
     0 | D:1      | KristoblXynda the Spriggan Enchanter began the quest for the Orb.
     0 | D:1      | Reached XP level 1. HP: 9/9 MP: 5/5
   245 | D:1      | Reached XP level 2. HP: 5/13 MP: 7/7
   252 | D:1      | Learned a level 2 spell: Ensorcelled Hibernation
  1120 | D:2      | Noticed Robin
  1523 | D:2      | Reached XP level 3. HP: 7/16 MP: 3/8
  1669 | D:2      | Reached skill level 5 in Stealth
  1828 | D:2      | Found a stormy altar of Qazlal.
  1830 | D:2      | Found a blossoming altar of Fedhas.
  1873 | D:2      | HP: 1/36 [adder (2)]
  1874 | D:2      | Succumbed to an adder's poison

Vault maps used:
D:1:      saegor_arrival_simple_a
D:2:      minmay_wonky_spiral, grunt_temple_overflow_forces_of_nature,
          grunt_temple_overflow_diamond, uniq_robin

Skill      XL: |  1  2  3 |
---------------+----------+-----
Spellcasting   | 3 |  3.5
Hexes          | 4 |  4.7
Stealth        | 5 |  5.3
Short Blades   | |  1.1
Dodging        | |  3.0

Action                   || total
-------------------------++-------
Melee: Dagger            ||   118
 Cast: Ensorcelled Hiber ||    18
  Use: Potion            ||     3
 Stab: Sleeping          ||    15
Armor: Robe              ||    10
Dodge: Dodged            ||    96
